cohdb
Replays
Latest Replays
All Replays
Popular Replays
Top Player Replays
Match Explorer
How It Works
Community
CoH3 Stats
Reddit
Sign in to upload your games and track your stats! →
Sign in with Steam
Match 46862435
Unlisted
Match 46862435
Overview
Messages
Build Orders
End
Pioneer Squad
Construct Infanterie Kompanie
MG 42 Machine Gun Team
MG 42 Machine Gun Team
Grenadier Squad
Construct Luftwaffe Kompanie
Grenadier Squad
221 Scout Car
Luftwaffe Officer Quarters
Medical Station
Selects Mechanized Battlegroup
Selects Mobile Repair Stations
Jäger Squad
Jäger Squad
Boneless
Arwootarch
BazookaJoe
Antler
Karta
NEMA
0
0
Comments
sign in to comment!
No comments posted yet!